Map: Abiogenesis LE

Players

Zubzero

  • Race: Terran Terran
  • Spawn Location: 5:00

Infamous - Winner!

  • Race: Protoss Protoss
  • League: Gold
  • Spawn Location: 11:00

VOD

Have the link to the VOD?

Description

Time

  • Played on: April 23, 2018, 1:53 p.m.
  • Length: 4:08
Show
View Real Time Build Order
Export as new Build Order

Zubzero Terran 

Build Orders:  

Get SALT Encoding   

  12  0:06  SCV  
  13  0:18  SCV, Refinery  
  14  0:34  Supply Depot  
  14  0:37  SCV  
  15  0:55  Refinery  
  15  0:56  SCV  
  16  1:08  SCV  
  17  1:16  Barracks  
  17  1:26  SCV  
  18  1:36  Supply Depot  
  18  1:45  SCV  
  19  1:57  SCV  
  19  2:06  Marine  
  20  2:09  SCV  
  21  2:33  Marine  
  21  2:39  Engineering Bay  
  21  2:43  SCV  
  22  2:53  Supply Depot  
  22  2:56  SCV  
  23  3:08  SCV  
  23  3:11  Sensor Tower  
  24  3:19  Barracks Tech Lab  
  24  3:33  Factory  
  24  3:34  Barracks  
  24  3:35  SCV  
Show
View Real Time Build Order
Export as new Build Order

Infamous Protoss - Winner!

Build Orders:  

Get SALT Encoding   

  12  0:01  Probe  
  13  0:15  Pylon  
  13  0:18  Probe  
  14  0:31  Probe  
  14  0:34  Gateway  
  15  0:40  Probe  
  16  0:55  Probe  
  17  1:05  Assimilator  
  17  1:10  Probe  
  18  1:30  Cybernetics Core  
  18  1:32  Probe  
  19  1:42  Gateway  
  19  1:44  Probe  
  20  1:50  Assimilator  
  20  1:52  Pylon  
  20  2:05  Stalker  
  20  2:06  Warp Gate  
  22  2:22  Probe  
  23  2:38  Stalker  
  23  2:48  Stalker  
  27  3:03  Stalker  
  27  3:04  Robotics Facility  
  29  3:24  Pylon  
  29  3:35  Pylon  
  29  3:43  Nexus  
  29  3:46  Pylon x2  
Tags
 
League
Gold
Matchup
PvT
Replay Pack
Last Remnant (2)
Spawn Locations
Cross Positions
Add a new tag
Caveats
  • Supply blocks, unpowered buildings, or Contaminate may cause inaccurate times.
  • Supply counts are checked every 10 seconds.